 Dungeon Crawl Stone Soup version 0.31-a0-276-ge00219d475 (webtiles) character file.

Game seed: 5155916724581892567

31 AIAndy the Changeling (level 3, -2/33 HPs)
             Began as a Troll Shapeshifter on July 15, 2023.
             Succumbed to a gnoll's poison
             ... on level 2 of the Dungeon.
             The game lasted 00:01:51 (830 turns).

AIAndy the Changeling (Troll Shapeshifter)           Turns: 830, Time: 00:01:51

Health: -2/33      AC:  4    Str: 25    XL:     3   Next: 7%
Magic:  0/2        EV:  9    Int:  4    God:
Gold:   63         SH:  0    Dex: 10    Spells: 2/2 levels left

rFire   . .          .
                       - Unarmed
rCold   . . .        (no shield)
rNeg    . . .        a - +0 animal skin
rPois   .            (helmet currently unavailable)
rElec   .            (cloak currently unavailable)
rCorr   .            (gloves unavailable)
SInv    .            (boots unavailable)
Will    +....        G - amulet of guardian spirit
Stlth   +            (no ring)
HPRegen 1.05/turn    (no ring)
MPRegen 0.08/turn

%: guardian spirit
@: lethally poisoned (-2 -> -14), beast-form, enlightened, flying
A: beast (slay +2), large, unfitting armour, claws 3, regeneration 1, shaggy fur
1, tough skin 1
a: Begin Untransformation


You were on level 2 of the Dungeon.
You were a hulking beast.
You visited 1 branch of the dungeon, and saw 2 of its levels.

You collected 63 gold pieces.


Innate Abilities, Weirdness & Mutations

You are a hulking beast.
Your limbs bulge with bestial killing power. (Slay +2)
You are too large for most types of armour.
You have claws for hands.
Your natural rate of healing is unusually fast.
You are covered in fur. (AC +1)
You have tough skin. (AC +1)


   Skills:
 - Level 1.5 Fighting
 - Level 1.5 Dodging
 + Level 2.9 Unarmed Combat
 + Level 3.4 Shapeshifting


You had 2 spell levels left.
You didn't know any spells.
Your spell library was empty.

Inventory:

Armour
 a - a +0 animal skin (worn)
Jewellery
 G - an amulet of guardian spirit (around neck)
Talismans
 c - a beast talisman
Wands
 k - a wand of quicksilver (2)
Scrolls
 d - a scroll of revelation {unknown}
 i - a scroll of identify {unknown}
Potions
 b - a potion of lignification {!q}
 e - a potion of resistance {unknown}
 f - a potion of magic {unknown}
 g - a potion of cancellation {unknown}
 h - a potion of curing {unknown}

Dungeon Overview and Level Annotations

Branches:
Dungeon (2/15)

Altars:

### ..# #.# #g##.
#g##.## #+ #g#...# ##..
#g#.#.### ##... ##.
#h#...#.## ##....
.....#.##.#...####.....
..................'.....
..########.#...####.....
#.##.## ##.... #.#####
##... #..†..# ##..
#.###.# ##. #.# #.#
#####.


You could see 4 gnolls.


Message History

The gnoll shouts!
The gnoll hits you with a +0 halberd!
You scratch the gnoll.
The gnoll is lightly wounded.
You claw the gnoll!
The gnoll is severely wounded.
The gnoll hits you from afar with a +0 halberd!
* * * LOW HITPOINT WARNING * * *
You are too injured to fight recklessly!
You are too injured to fight recklessly!
You barely miss the gnoll.
The gnoll is severely wounded.
The gnoll hits you with a +1 whip of venom.
* * * LOW HITPOINT WARNING * * *
You are poisoned.
The gnoll hits you from afar with a +0 halberd.
* * * LOW HITPOINT WARNING * * *
You closely miss the gnoll.
The gnoll is severely wounded.
* * * LOW HITPOINT WARNING * * *
You feel very sick.
The gnoll hits you with a +1 whip of venom.
* * * LOW HITPOINT WARNING * * *
You are more poisoned.
The gnoll barely misses you.
Okay, then.
It was a potion of enlightenment.
You feel very buoyant.
You fly up into the air.
You die...

Action                     || total
---------------------------++-------
  Melee: Unarmed           ||    46
         Punch             ||     2
    Use: Potion            ||     1
 Armour: Animal skin       ||    12
  Dodge: Dodged            ||    15

Levels and vault maps discovered:
D:1:      saegor_arrival_fortress, layout_basic, minmay_crystal_room
D:2:      layout_loops_corners, nicolae_ecumenical_pavilion

Notes
Turn   | Place    | Note
-------+----------+-------------------------------------------
     0 | D:1      | AIAndy the Troll Shapeshifter began the quest for the Orb.
     0 | D:1      | Reached XP level 1. HP: 19/19 MP: 0/0
   261 | D:1      | Reached XP level 2. HP: 27/27 MP: 1/1
   714 | D:2      | Reached XP level 3. HP: 33/33 MP: 2/2
   829 | D:2      | HP: 1/33 [gnoll/+1 whip of venom (4)]
   830 | D:2      | Succumbed to a gnoll's poison

Vanquished Creatures
  An adder (D:2)
  A worm (D:2)
  2 endoplasms
  3 giant cockroaches (D:1)
  A goblin (D:1)
  3 hobgoblins
  A frilled lizard (D:2)
  2 kobolds
  6 rats
20 creatures vanquished.

Table legend: (Time is in decaauts)
 A = Elapsed time spent in this place.
 B = Non-inter-level travel time spent in this place.
 C = Inter-level travel time spent in this place.
 D = Time resting spent in this place.
 E = Time spent auto-exploring this place.
 F = Levels seen in this place.
 G = Mean time per level.
                   A        B        C        D        E       F      G
               +--------+--------+--------+--------+--------+-----+--------+
         Total |    827 |    801 |     26 |      0 |    662 |   2 |  413.5 |
       Dungeon |    827 |    801 |     26 |      0 |    662 |   2 |  413.5 |
               +--------+--------+--------+--------+--------+-----+--------+

Top non-repeatable levels by time:
     D:1: 651 daAuts
     D:2: 176 daAuts

Table legend:
 A = Non-vault XP
 B = Vault XP
 C = Vault XP percentage of total XP
 D = Non-vault monster count
 E = Vault monster count
 F = Vault count percentage of total count
                 A         B        C        D         E       F
            +---------+---------+-------+---------+---------+-------
      Total |      45 |       0 |   0.0 |      20 |       0 |   0.0
            +---------+---------+-------+---------+---------+-------
        D:1 |      18 |       0 |   0.0 |      12 |       0 |   0.0
        D:2 |      27 |       0 |   0.0 |       8 |       0 |   0.0
            +---------+---------+-------+---------+---------+-------
